 Dungeon Crawl Stone Soup version 0.30-a0-1160-g6e42c06551 (webtiles) character file.

Game seed: 5472043248917174674

124820 Sobieck the Unseen (level 16, -11/91 HPs)
             Began as a Vine Stalker Brigand on Apr 26, 2023.
             Was the Champion of Wu Jian.
             Mangled by a goliath frog (17 damage)
             ... on level 1 of the Swamp.
             The game lasted 01:36:11 (23978 turns).

Sobieck the Unseen (Vine Stalker Brigand)          Turns: 23978, Time: 01:36:11

Health: -11/91     AC:  5    Str: 13    XL:     16   Next: 94%
Magic:  0/40       EV: 28    Int: 11    God:    Wu Jian [******]
Gold:   683        SH:  7    Dex: 29    Spells: 29/35 levels left

rFire   + + .        a - +2 short sword (speed) {short}
rCold   + . .        h - +0 buckler
rNeg    . . .        O - +1 robe of Vines {NoPotionHeal Regen++++}
rPois   .            F - +0 helmet "Orchobos" {Stlth+}
rElec   +            M - scarf {rC+ rF+}
rCorr   +            (no gloves)
SInv    .            E - +0 pair of boots of the Realm of Zot {rElec}
Will    ++...        c - amulet of Nimot {RegenMP Fly rF+ rCorr Dex+4}
Stlth   ++++         o - ring of Dim Light {Wiz +Blink Fly}
HPRegen 4.35/turn    x - ring of magical power
MPRegen 0.67/turn

%: guardian spirit, wizardry (x1)
@: marked, in a heavenly storm, flying, glowing
A: fangs 3, regeneration 1, magic shield, antimagic bite, no potion heal 2
a: Renounce Religion, Evoke Blink, Wall Jump, Serpent's Lash, Heavenly Storm


You were on level 1 of the Swamp.
You worshipped Wu Jian.
Wu Jian was exalted by your worship.
You visited 5 branches of the dungeon, and saw 24 of its levels.
You also visited: Bailey.

You collected 2429 gold pieces.
You spent 1746 gold pieces at shops.


Innate Abilities, Weirdness & Mutations

You have razor-sharp teeth.
Your natural rate of healing is unusually fast.
When hurt, damage is shared between your health and your magic reserves.
Your bite disrupts and absorbs the magic of your enemies.
Potions cannot restore your health.


   Skills:
 - Level 13.0 Fighting
 - Level 11.0 Short Blades
 - Level 6.0 Throwing
 - Level 11.0 Dodging
 - Level 17.0 Stealth
 - Level 6.0 Shields
 - Level 10.0 Spellcasting
 + Level 5.1 Transmutations
 + Level 5.1 Earth Magic
 - Level 6.0 Evocations


You had 29 spell levels left.
You knew the following spells:

 Your Spells              Type           Power      Damage    Failure   Level
a - Statue Form           Tmut/Erth      10%        N/A       73%         6

Your spell library contained the following spells:

 Spells                   Type           Power      Damage    Failure   Level
 Foxfire                  Conj/Fire      20%        2x1d5     7%          1
 Spider Form              Tmut/Pois      11%        N/A       7%          3
 Ensorcelled Hibernation  Hex/Ice        10%        N/A       11%         2
 Lesser Beckoning         Tloc           10%        N/A       11%         2
 Dazzling Flash           Conj/Hex       10%        N/A       21%         3
 Gell's Gravitas          Tloc           5%         N/A       21%         3
 Portal Projectile        Hex/Tloc       10%        N/A       21%         3
 Teleport Other           Tloc           5%         N/A       21%         3
 Tukima's Dance           Hex            5%         N/A       21%         3
 Volatile Blastmotes      Fire/Tloc      10%        2d10      21%         3
 Leda's Liquefaction      Hex/Erth       5%         N/A       22%         4
 Blade Hands              Tmut           8%         N/A       22%         5
 Lee's Rapid Deconstruct  Erth           8%         3d7*      22%         5
 Anguish                  Hex/Necr       2%         N/A       52%         4
 Fulminant Prism          Conj/Hex       2%         3d5       52%         4
 Iskenderun's Mystic Bla  Conj/Tloc      5%         2d3       52%         4
 Summon Lightning Spire   Summ/Air       5%         N/A       52%         4
 Agony                    Necr           5%         N/A       86%         5
 Fireball                 Conj/Fire      2%         3d4       86%         5
 Silence                  Hex/Air        2%         N/A       86%         5
 Dispersal                Tloc           2%         N/A       100%        6
 Plasma Beam              Fire/Air       2%         2x1d14    100%        6
 Starburst                Conj/Fire      2%         6d3       100%        6
 Storm Form               Tmut/Air       5%         N/A       100%        7
 Maxwell's Capacitive Co  Air            2%         ∞         100%        8

Inventory:

Hand Weapons
 a - a +2 short sword of speed (weapon) {short}
   (You bought it in a shop on level 2 of the Dungeon)
 t - a +4 dagger of protection {short}
   (You took it off an orc priest on level 4 of the Dungeon)
 H - a +3 rapier of protection {short}
   (You found it on level 13 of the Dungeon)
Missiles
 d - 47 poisoned darts {throwing}
 e - 3 curare-tipped darts {=fthrowing}
 w - 14 boomerangs (quivered) {throwing}
 I - 14 javelins {throwing}
 L - 7 throwing nets {=f!fthrowing}
Armour
 h - a +0 buckler (worn)
   (You found it on level 5 of the Lair of Beasts)
 E - the +0 pair of boots of the Realm of Zot (worn) {rElec}
   (You bought it in a shop on level 2 of the Orcish Mines)

   rElec:     It insulates you from electricity.
 F - the +0 helmet "Orchobos" (worn) {Stlth+}
   (You found it on level 15 of the Dungeon)

   Stlth:     It makes you more stealthy.
 M - a scarf of resistance (worn)
   (You found it on level 1 of the Lair of Beasts)
 O - the +1 robe of Vines (worn) {NoPotionHeal Regen++++}
   (You found it on level 5 of the Lair of Beasts)

   NoPotionHeal: Its wearer cannot be healed by potions.
   Regen:     It increases your rate of health regeneration.
Jewellery
 c - the amulet of Nimot (around neck) {RegenMP Fly rF+ rCorr Dex+4}
   (You acquired it on level 5 of the Dungeon)

   [amulet of magic regeneration]

   It increases your rate of magic regeneration.
   Dex:       It affects your dexterity (+4).
   rF:        It protects you from fire.
   Fly:       It grants you flight.
   rCorr:     It protects you from acid and corrosion.
 n - a ring of poison resistance
   (You found it on level 1 of the Dungeon)
 o - the ring of Dim Light (left hand) {Wiz +Blink Fly}
   (You found it on level 5 of the Lair of Beasts)

   [ring of wizardry]

   It improves your spell success rate.
   Fly:       It grants you flight.
   +Blink:    It lets you blink.
 x - a ring of magical power (right hand)
   (You found it on level 13 of the Dungeon)
 R - a ring of ice
   (You took it off Fannar on level 11 of the Dungeon)
Wands
 v - a wand of iceblast (16)
   (You found it on level 2 of the Dungeon)
 C - a wand of charming (2)
   (You found it on level 6 of the Dungeon)
 G - a wand of polymorph (19)
   (You found it on level 8 of the Dungeon)
 U - a wand of mindburst (3)
   (You found it on level 1 of the Lair of Beasts)
 V - a wand of light (5)
   (You found it on level 11 of the Dungeon)
 W - a wand of digging (5)
   (You found it on level 4 of the Dungeon)
Scrolls
 j - 4 scrolls of poison {!r}
 k - a scroll of silence {!r}
 l - 3 scrolls of magic mapping {!r}
 m - 4 scrolls of vulnerability {!r!r}
 y - 3 scrolls of fear
 B - 2 scrolls of immolation {!r!r}
 D - 2 scrolls of blinking {!r}
 J - 9 scrolls of teleportation {@r4}
 N - 3 scrolls of fog
 S - 13 scrolls of identify {@r1}
 Y - 3 scrolls of enchant weapon
Potions
 f - 19 potions of curing {@q1}
 g - 6 potions of lignification {!q}
 i - a potion of might
 p - 4 potions of haste {@q3}
 q - a potion of brilliance
 r - 3 potions of cancellation
 s - 5 potions of attraction {!q}
 u - a potion of flight
 z - 3 potions of magic
 A - 4 potions of resistance
 K - a potion of invisibility
 Q - 2 potions of mutation {!q}
 T - 4 potions of ambrosia
Miscellaneous
 b - a tin of tremorstones (2/2) {throwing}
   (You found it on level 13 of the Dungeon)
 P - a box of beasts
   (You found it in a bailey)
 X - a phial of floods
   (You found it on level 5 of the Lair of Beasts)
 Z - a lightning rod (4/4)
   (You found it on level 13 of the Dungeon)

Dungeon Overview and Level Annotations

Branches:
Dungeon (15/15) Zot: 26309  Temple (0/1) D:7            Lair (5/5) D:10 Zot: 24838
  Swamp (1/4) Lair:2 Zot: 5980  Spider (0/4) Lair:2        Slime (0/5) Lair:5
    Orc (2/2) D:10 Zot: 10264     Elf (1/3) Orc:2 Zot: 5371  Vaults (0/5) D:13
 Depths (0/4) D:15         Bailey (visited)

Altars:
Ashenzari
Cheibriados
Dithmenos
Hepliaklqana
Kikubaaqudgha
Makhleb
Nemelex Xobeh
Qazlal
Ru
Sif Muna
Trog
Uskayaw
Vehumet
Wu Jian
Zin
Jiyva

Shops:
D:2 *[:(*   D:3 ?   D:5 [??   D:10 (   D:14 (   Orc:2 *?(=![?

Portals:
Pandemonium: Orc:2

Annotations:
D:7 2 runed translucent doors, Darkkill's ghost, amateur MiHu
Lair:2 3 runed translucent doors, Darkkill's ghost, journeyman MiHu
Lair:5 2 transporters, retardedninja's ghost, journeyman GnFE

....~♣♣♣.
♣.~~§~.. ~~~
♣w~§~~~♣♣ §§.
♣♣.?~~~~~♣♣ ~...
♣~..~~~~~.♣♣
.~.~♣♣.~§~~§~~.~♣
..~~~~~..Fx§☼§[♣
♣..F..tx§§§.♣
♣♣..n~~vD@§§.♣ ♣
♣~....~§###§~♣
♣♣~.♣~~~....# .~♣
♣.~~~~~~~~~.# ...
♣~~~~~~~....#
...~
♣~~~~~~~.....#
....
.~..~.....~~.?#
.~~.
~.....♣♣♣~...?#
♣♣♣♣♣♣ ♣♣.~~.#


You could see 2 bunyips, an alligator (swift), an eight-headed hydra, a goliath
frog and a will-o-the-wisp.


Message History

You hit the bunyip but do no damage. Your bite misses the bunyip.
You hit the bunyip but do no damage. You hit the bunyip.
You spin and attack the swamp worm repeatedly.
You hit the swamp worm. You puncture the swamp worm! You hit the swamp worm.
Your bite misses the swamp worm.
A goliath frog comes into view.
The swamp worm misses you.
Unknown command.
You spin and attack the swamp worm repeatedly.
You hit the swamp worm. You bite the swamp worm. You drain its power.
You feel invigorated.
You hit the swamp worm.
You bite the swamp worm, but do no damage.
The swamp worm bites you!!
You spin and attack the swamp worm repeatedly.
You hit the swamp worm. Your bite misses the swamp worm.
You hit the swamp worm.
You kill the swamp worm!
The Council accepts your kill. The bunyip claws you!! x2
* * * LOW HITPOINT WARNING * * *
The bunyip completely misses you.
A bog body and an alligator come into view.
You spin and attack the bunyip repeatedly.
You hit the bunyip but do no damage. You bite the bunyip. You drain its power.
You feel invigorated.
You closely miss the bunyip. You hit the bunyip but do no damage.
Your bite misses the bunyip. You hit the bunyip but do no damage.
You bite the bunyip. You drain its power.
You feel invigorated. The goliath frog closely misses you.
You block the goliath frog's attack.
A will-o-the-wisp comes into view.
Unknown command.
A bunyip comes into view.
A swamp worm comes into view.
The goliath frog hits you.
You are splashed with acid.
You resist.
* * * LOW HITPOINT WARNING * * *
A goliath frog comes into view.
The goliath frog hits you from afar.
* * * LOW HITPOINT WARNING * * *
You are splashed with acid.
You resist.
* * * LOW HITPOINT WARNING * * *
The bunyip howls a warning cry!
The goliath frog moves out of view.
You spin and attack the bunyip repeatedly.
You hit the bunyip. Your bite misses the bunyip. You barely miss the bunyip.
The bunyip misses you. You block the bunyip's attack.
The bunyip barely misses you.
Unknown command.
A swamp worm comes into view.
You spin and attack the swamp worm repeatedly.
You hit the swamp worm. You bite the swamp worm. You drain its power.
You feel invigorated.
You puncture the swamp worm! You bite the swamp worm. You drain its power.
You feel invigorated.
You hit the swamp worm. Your bite misses the swamp worm.
You block the swamp worm's attack.
Unknown command.
You spin and attack the swamp worm repeatedly.
You hit the swamp worm but do no damage.
Your bite misses the swamp worm. You hit the swamp worm.
You block the swamp worm's attack. The bunyip claws you!!!
* * * LOW HITPOINT WARNING * * *
The bunyip completely misses you. The bunyip closely misses you.
Unknown command.
Unknown command.
You spin and attack the eight-headed hydra repeatedly.
You hit the eight-headed hydra. You bite the eight-headed hydra!
You drain its power.
You feel invigorated.
You hit the eight-headed hydra.
You spin and attack the swamp worm repeatedly.
You miss the swamp worm.
You hit the swamp worm but do no damage.
You bite the swamp worm. You drain its power.
You feel invigorated.
You hit the swamp worm.
You kill the swamp worm!
The Council accepts your kill. The eight-headed hydra bites you!
* * * LOW HITPOINT WARNING * * *
The eight-headed hydra bites you. The eight-headed hydra misses you.
The eight-headed hydra completely misses you.
The eight-headed hydra misses you.
The eight-headed hydra barely misses you.
The eight-headed hydra completely misses you.
The eight-headed hydra bites you.
* * * LOW HITPOINT WARNING * * *
The goliath frog misses you.
The alligator puts on a burst of speed!
Unknown command.
The air is filled with shimmering golden clouds!
Sifu Yunchang says: The storm will not cease as long as you keep fighting, disciple!
The goliath frog hits you from afar!
* * * LOW HITPOINT WARNING * * *
You are splashed with acid.
You resist.
* * * LOW HITPOINT WARNING * * *
You block the eight-headed hydra's attack.
The eight-headed hydra completely misses you. x3
The eight-headed hydra bites you!
* * * LOW HITPOINT WARNING * * *
The eight-headed hydra completely misses you.
The eight-headed hydra bites you!
* * * LOW HITPOINT WARNING * * *
The eight-headed hydra misses you. You block the bunyip's attack.
The bunyip claws you!!
* * * LOW HITPOINT WARNING * * *
The bunyip completely misses you. The goliath frog hits you from afar!!
You die...

Skill      XL: |  1  2  3  4  5  6  7  8  9 10 11 12 13 14 15 16 |
---------------+-------------------------------------------------+-----
Short Blades   | 2 3 4 6 7 8 9 11 | 11.0
Dodging        | 1 2 3 4 6 7 8 10 11 | 11.0
Fighting       | 2 3 4 5 8 11 12 13 | 13.0
Stealth        | 5 6 8 10 14 17 | 17.0
Throwing       | 2 4 6 |  6.0
Evocations     | 1 4 6 |  6.0
Shields        | 3 6 |  6.0
Spellcasting   | 5 10 | 10.0
Transmutations | 5 |  5.1
Earth Magic    | 5 |  5.1

Action                     |  1- 3 |  4- 6 |  7- 9 | 10-12 | 13-15 | 16-18 || total
---------------------------+-------+-------+-------+-------+-------+-------++-------
  Melee: Dagger            |    68 |   115 |    95 |       |       |       ||   278
         Bite              |    13 |    36 |    82 |   428 |  1498 |   555 ||  2612
         Punch             |     2 |     4 |     5 |    18 |    26 |       ||    55
         Rapier            |       |       |   149 |       |       |       ||   149
         Short sword       |       |       |       |  1077 |  3604 |  1258 ||  5939
  Throw: Dart              |       |     2 |       |     4 |       |       ||     6
         Boomerang         |       |       |       |       |     2 |       ||     2
 Invoke: Serpent's Lash    |       |       |       |     2 |     8 |       ||    10
         Heavenly Storm    |       |       |       |       |     1 |     2 ||     3
Ability: Lunge             |       |    13 |    35 |    44 |   109 |    41 ||   242
         Whirlwind         |       |       |    28 |   262 |  1121 |   367 ||  1778
         Wall Jump         |       |       |       |    12 |    20 |     7 ||    39
  Evoke: Wand              |       |       |       |       |     1 |       ||     1
    Use: Scroll            |       |    14 |    10 |     5 |    10 |     1 ||    40
         Potion            |       |       |       |     6 |     7 |       ||    13
   Stab: Sleeping          |    15 |     6 |    17 |     5 |    47 |    14 ||   104
         Distracted        |       |       |     4 |     2 |     8 |     2 ||    16
         Petrifying        |       |       |       |       |     1 |       ||     1
         Petrified         |       |       |       |       |     1 |       ||     1
 Armour: Robe              |     8 |    26 |    17 |       |    72 |    39 ||   162
         Leather armour    |       |       |    20 |    71 |   110 |       ||   201
  Dodge: Dodged            |    33 |    54 |   121 |   256 |   873 |   406 ||  1743
  Block: Buckler           |       |       |       |       |   205 |   166 ||   371

Levels and vault maps discovered:
D:1:      kb_arrival_jail, layout_loops_ring, minmay_tetromino_i2
D:2:      layout_basic, serial_shops, nicolae_shop_tiny_real_fake_doors,
          nicolae_square_shop, shop, shop_fountains, shop, serial_bayou_crossing
D:3:      layout_loops_cross, lemuel_coloured_pillars_altar,
          lemuel_doored_altar, serial_shops, nicolae_shop_rolled_up,
          serial_bayou, serial_bayou_pond_e, serial_bayou_lagoon_a,
          serial_bayou_shore_b, serial_bayou_ford_a, uniq_grinder
D:4:      layout_basic, lemuel_round_altar, amcnicky_mini_corridor_feature,
          minmay_pentangle
D:5:      layout_basic, mainiacjoe_overflow_six_doors_small,
          grunt_temple_overflow_cloverleaf, kennysheep_cluttered_room,
          nicolae_shop_distant_corner_stores, uniq_pikel
D:6:      layout_gridville
D:7:      layout_basic, mainiacjoe_overflow_cross_hatched,
          minmay_temple_entry_wispy, ebering_ghost_disaster_area, uniq_joseph,
          uniq_duvessa
D:8:      layout_cave_pods, nicolae_hepliaklqana_monster_ancestors,
          dreamdust_gnoll_shepherd
D:9:      layout_rooms, mainiacjoe_overflow_boulevard, kennysheep_mini,
          enter_bailey_3, uniq_erica
D:10:     layout_big_octagon, zin_angel, dpeg_lair_monsters, orc_0_dummy,
          serial_shops, shop, moated_statue, kennysheep_flooded_box
D:11:     layout_cave_pods, gauntlet_entry_generic, uniq_fannar, uniq_harold,
          uniq_amaemon
D:12:     layout_stronghold, nicolae_uskayaw_murder_on_the_dancefloor
D:13:     minmay_the_grid_triangle_9x9_recursive_3_mashed
          [minmay_the_grid_triangle_9x9_limited_checkers,
          minmay_the_grid_triangle_9x9_pentomino_pain,
          minmay_the_grid_triangle_9x9_corruption,
          minmay_the_grid_triangle_9x9_prize_top_heavy,
          minmay_the_grid_triangle_9x9_zippers_vertical,
          minmay_the_grid_triangle_9x9_intruding_spiral,
          minmay_the_grid_triangle_9x9_odd_lines,
          minmay_the_grid_triangle_9x9_stretched_checkered,
          minmay_the_grid_triangle_9x9_zippers_horizontal],
          layout_loops_corners, special_room [special_room_orc]
D:14:     layout_cave_pods, serial_shops, shop, uniq_rupert
D:15:     hangedman_depths_entry_civil_slaughter, layout_basic,
          hangedman_decor_push
Lair:1:   layout_concentric_octagons, grunt_megastairs_3,
          infiniplex_staircase_pool
Lair:2:   layout_gridlike, nicolae_swamp_entry_splash_gauntlet,
          spider_nest_entry_a, enter_volcano_3, gammafunk_ghost_hydra_chop
Lair:3:   layout_regular_city, cheibrodos_lair_caveside_slide
Lair:4:   layout_loops_ring, bobbens_ice_dragon_lair, grunt_megastairs_5
Lair:5:   minmay_lair_end_frog_pond, layout_regular_city,
          minmay_slime_entry_jelly_boxes, gammafunk_ghost_wrathful_warriors
Swamp:1:  layout_basic_swamp, evilmike_swamp_ruin_house_2,
          nicolae_swamp_frolicking_bunyips, uniq_jorgrun
Orc:1:    layout_caves
Orc:2:    pf_orc_diabolical, layout_caves, serial_shops, shop, shop,
          nicolae_lakefront_shop, basic_altar, uniq_nessos
Elf:1:    eino_elf_arrival_customs, layout_geoelf_diagonals, basic_altar,
          orc_legates, grunt_ministairs_7

Notes
Turn   | Place    | Note
-------+----------+-------------------------------------------
     0 | D:1      | Sobieck the Vine Stalker Brigand began the quest for the
                  | Orb.
     0 | D:1      | Reached XP level 1. HP: 11/11 MP: 2/2
     2 | D:1      | Noticed a demigod
     2 | D:1      | Noticed a felid
     4 | D:1      | Noticed an ogre
     4 | D:1      | Noticed a meteoran
     6 | D:1      | Noticed an elf
     6 | D:1      | Noticed a naga
     8 | D:1      | Noticed a minotaur
     8 | D:1      | Noticed a gargoyle
    10 | D:1      | Noticed a merfolk
    10 | D:1      | Noticed a vampire
    12 | D:1      | Noticed a vine stalker
    12 | D:1      | Noticed a spriggan
    14 | D:1      | Noticed an octopode
    14 | D:1      | Noticed a demonspawn
    16 | D:1      | Noticed a human
    18 | D:1      | Noticed a tengu
    20 | D:1      | Noticed a draconian
    20 | D:1      | Noticed an armataur
    22 | D:1      | Noticed a troll
    22 | D:1      | Noticed a ghoul
    24 | D:1      | Noticed a troll
    24 | D:1      | Noticed a formicid
    26 | D:1      | Noticed a demonspawn
    38 | D:1      | Reached skill level 2 in Short Blades
    86 | D:1      | Reached XP level 2. HP: 14/15 MP: 1/3
   338 | D:1      | Reached skill level 3 in Short Blades
   437 | D:1      | Reached XP level 3. HP: 18/18 MP: 4/4
   842 | D:2      | Found Sijaen's Book Shop.
   907 | D:2      | You add the spells Gell's Gravitas, Teleport Other and
                  | Dispersal to your library.
   926 | D:2      | Found Sesiatac's Assorted Antiques.
   949 | D:2      | Bought a black potion for 18 gold pieces
   949 | D:2      | Bought a scroll labelled VAURGH UZYTWUAXT for 20 gold
                  | pieces
   949 | D:2      | Bought a fuming sapphire potion for 18 gold pieces
   949 | D:2      | Bought a fuming dark potion for 18 gold pieces
  1017 | D:2      | Identified the +1 leather armour of Compassion {rF+ rC+
                  | Will-}
  1160 | D:2      | Found Cugoemoss's Antique Armour Boutique.
  1307 | D:2      | Found Foatwur's Weapon Emporium.
  1367 | D:2      | Gained mutation: Your natural rate of healing is unusually
                  | fast. [Vine Stalker growth]
  1367 | D:2      | Reached XP level 4. HP: 21/23 MP: 3/5
  1645 | D:2      | Reached skill level 4 in Short Blades
  1649 | D:2      | Found Rivo's Assorted Antiques.
  1659 | D:2      | You pick up a book of the Senses and begin reading...
  1659 | D:2      | You add the spells Dazzling Flash, Agony and Silence to
                  | your library.
  1798 | D:3      | Noticed Grinder
  1865 | D:3      | Found an ornate altar of the Wu Jian Council.
  1879 | D:3      | Became a worshipper of the Wu Jian Council
  2097 | D:2      | Reached XP level 5. HP: 9/26 MP: 1/6
  2257 | D:3      | Found a broken altar of Ashenzari.
  2287 | D:3      | Paralysed by Grinder for 4 turns
  2320 | D:3      | Killed Grinder
  2321 | D:3      | Reached skill level 6 in Short Blades
  2321 | D:3      | Reached XP level 6. HP: 19/30 MP: 5/7
  2485 | D:3      | Found Huitoisa's Magic Scroll Boutique.
  2652 | D:3      | Identified the +0 robe of Pride {rPois Dex+3}
  2706 | D:3      | Reached skill level 1 in Dodging
  2750 | D:3      | Bought a scroll of identify for 22 gold pieces
  3107 | D:4      | Reached skill level 2 in Fighting
  3107 | D:4      | Reached skill level 5 in Stealth
  3309 | D:4      | Reached * piety under Wu Jian
  3419 | D:4      | Reached XP level 7. HP: 26/35 MP: 3/8
  3847 | D:4      | Found a shimmering blue altar of Sif Muna.
  4091 | D:5      | Entered Level 5 of the Dungeon
  4091 | D:5      | Found Riossifa's Antique Armour Boutique.
  4091 | D:5      | Found Fawixo's Magic Scroll Boutique.
  4091 | D:5      | Found Kemn's Magic Scroll Boutique.
  4326 | D:5      | Found a sparkling altar of Nemelex Xobeh.
  4331 | D:5      | Found a shadowy altar of Dithmenos.
  4334 | D:5      | Found a radiant altar of Vehumet.
  4337 | D:5      | Found a stormy altar of Qazlal.
  4543 | D:5      | Reached skill level 2 in Dodging
  4631 | D:5      | Found a snail-covered altar of Cheibriados.
  4708 | D:5      | Noticed Pikel
  4728 | D:5      | Killed Pikel
  4729 | D:5      | Reached skill level 3 in Fighting
  4729 | D:5      | Reached skill level 7 in Short Blades
  4729 | D:5      | Reached skill level 6 in Stealth
  4729 | D:5      | Gained mutation: You have razor-sharp teeth. [Vine Stalker
                  | growth]
  4729 | D:5      | Reached XP level 8. HP: 41/41 MP: 9/9
  4942 | D:2      | Bought a glowing rapier for 140 gold pieces
  5281 | D:6      | Identified the +3 leather armour of the Sky {Rampage rElec
                  | Regen+ Stlth-}
  5384 | D:6      | Reached skill level 3 in Dodging
  5611 | D:6      | Reached skill level 4 in Fighting
  5804 | D:6      | Reached skill level 8 in Short Blades
  6005 | D:7      | Found a large runed translucent door.
  6005 | D:7      | Found a large runed translucent door.
  6009 | D:7      | Noticed Joseph
  6012 | D:7      | Killed Joseph
  6013 | D:7      | Reached XP level 9. HP: 46/46 MP: 10/10
  6018 | D:7      | Noticed Darkkill's ghost (amateur MiHu)
  6093 | D:7      | Found a burning altar of Makhleb.
  6105 | D:7      | You pick up a book of Dreams and begin reading...
  6105 | D:7      | You add the spells Ensorcelled Hibernation, Spider Form and
                  | Anguish to your library.
  6293 | D:7      | Reached ** piety under Wu Jian
  6313 | D:7      | Reached skill level 4 in Dodging
  6423 | D:7      | Found a staircase to the Ecumenical Temple.
  6423 | D:7      | Noticed Duvessa
  6423 | D:7      | Noticed Dowan
  6445 | D:7      | Killed Duvessa
  6446 | D:7      | Reached skill level 9 in Short Blades
  6453 | D:7      | Killed Dowan
  6454 | D:7      | Reached skill level 5 in Fighting
  7838 | D:2      | Bought a glowing short sword for 156 gold pieces
  8083 | D:8      | Reached XP level 10. HP: 52/53 MP: 11/11
  8085 | D:8      | Reached skill level 10 in Short Blades
  8085 | D:8      | Reached skill level 5 in Dodging
  8137 | D:8      | You pick up a book of Blasting and begin reading...
  8137 | D:8      | You add the spells Volatile Blastmotes, Fulminant Prism,
                  | Iskenderun's Mystic Blast and Lee's Rapid Deconstruction to
                  | your library.
  8208 | D:8      | Reached skill level 6 in Fighting
  8371 | D:8      | Found a hazy altar of Hepliaklqana.
  8591 | D:9      | Noticed Erica
  8602 | D:8      | HP: 9/53 [something (10)]
  8748 | D:9      | Found a hide-covered altar of Uskayaw.
  8804 | D:9      | Reached *** piety under Wu Jian
  8830 | D:9      | Reached skill level 6 in Dodging
  8885 | D:9      | Found a flagged portal.
  8897 | Bailey   | Entered a bailey
  8935 | Bailey   | Reached skill level 7 in Fighting
  9059 | Bailey   | HP: 13/55 [hobgoblin/+3 war axe (10)]
  9060 | Bailey   | HP: 5/55 [orc warrior/+0 war axe (8)]
  9183 | Bailey   | Reached **** piety under Wu Jian
  9227 | Bailey   | Reached skill level 11 in Short Blades
  9244 | Bailey   | Noticed an orc warlord
  9257 | Bailey   | Killed an orc warlord
  9258 | Bailey   | Reached skill level 8 in Fighting
  9258 | Bailey   | Reached skill level 2 in Throwing
  9258 | Bailey   | Reached skill level 1 in Evocations
  9258 | Bailey   | Reached XP level 11. HP: 36/60 MP: 12/12
  9344 | Bailey   | Reached skill level 11 in Fighting
  9344 | Bailey   | Reached XP level 12. HP: 70/70 MP: 13/13
  9434 | D:9      | Noticed a two-headed ogre
  9449 | D:9      | Killed a two-headed ogre
  9476 | D:9      | Noticed a two-headed ogre
  9482 | D:9      | Killed a two-headed ogre
  9483 | D:9      | Reached skill level 2 in Evocations
  9576 | D:9      | Found a sacrificial altar of Ru.
  9766 | D:10     | Entered Level 10 of the Dungeon
  9766 | D:10     | Found a staircase to the Orcish Mines.
  9783 | D:10     | Reached skill level 7 in Stealth
  9790 | D:10     | Reached skill level 3 in Throwing
  9832 | D:10     | Noticed a two-headed ogre
  9858 | D:9      | Killed a two-headed ogre
  9911 | D:10     | You pick up a book of Weapons and begin reading...
  9911 | D:10     | You add the spells Tukima's Dance, Portal Projectile and
                  | Blade Hands to your library.
  9919 | D:10     | Noticed a death yak
 10017 | D:10     | Identified the +3 trident of the Middle {freeze, rC+ Str+3}
 10019 | D:10     | Noticed a death yak
 10034 | D:10     | Noticed a death yak
 10094 | D:9      | Killed a death yak
 10095 | D:9      | Reached skill level 3 in Evocations
 10123 | D:9      | Killed a death yak
 10135 | D:9      | Killed a death yak
 10162 | D:10     | Found a staircase to the Lair.
 10199 | D:10     | Found a glowing silver altar of Zin.
 10199 | D:10     | Noticed an angel
 10218 | D:10     | Reached skill level 8 in Stealth
 10251 | D:10     | Found Paegem's Antique Weapon Shoppe.
 10296 | D:10     | Reached skill level 12 in Fighting
 10296 | D:10     | Reached skill level 4 in Throwing
 10364 | D:10     | Reached ***** piety under Wu Jian
 10476 | D:11     | Noticed Harold
 10478 | D:11     | Killed Harold
 10479 | D:11     | Reached skill level 7 in Dodging
 10494 | D:11     | Noticed a boulder beetle
 10500 | D:11     | Noticed Fannar
 10521 | D:10     | Killed a boulder beetle
 10560 | D:11     | Killed Fannar
 10609 | Lair:1   | Entered Level 1 of the Lair of Beasts
 10622 | Lair:1   | Reached skill level 4 in Evocations
 10628 | Lair:1   | Reached XP level 13. HP: 59/75 MP: 14/14
 10828 | Lair:1   | Reached skill level 9 in Stealth
 10850 | Lair:1   | You fall into a shaft and drop 1 floor!
 10965 | Lair:2   | Reached skill level 5 in Throwing
 11467 | Lair:2   | Reached skill level 5 in Evocations
 11542 | Lair:2   | Found a runed translucent gate.
 11543 | Lair:2   | Found a runed translucent gate.
 11544 | Lair:2   | Found a runed translucent gate.
 11548 | Lair:2   | Noticed Darkkill's ghost (journeyman MiHu)
 11611 | Lair:2   | Identified the +6 rapier "Caarghis" {venom, Drain rN+++
                  | Stlth+}
 11724 | Lair:2   | HP: 19/76 [komodo dragon (12)]
 11803 | Lair:2   | Found a hole to the Spider Nest.
 11809 | Lair:2   | Reached skill level 10 in Stealth
 12258 | D:8      | Killed Erica
 12259 | D:8      | Reached skill level 8 in Dodging
 12371 | D:5      | Bought a heavily runed hat for 225 gold pieces
 12371 | D:5      | Identified the +2 hat "Kuvaaph" {-Tele rF++ rCorr Dex+2}
                  | (You bought it in a shop on level 5 of the Dungeon)
 12371 | D:5      | Bought a translucent leather armour for 175 gold pieces
 12371 | D:5      | Identified the +0 leather armour of Vehumet's Favour
                  | {Rampage rC+++ Int-4 Dex-5} (You bought it in a shop on
                  | level 5 of the Dungeon)
 12906 | D:2      | Bought a scroll labelled CEYTOU QUPTOGA for 26 gold pieces
 13198 | Lair:3   | Reached skill level 6 in Throwing
 13419 | Lair:3   | Reached skill level 6 in Evocations
 13556 | Lair:3   | You pick up a book of Displacement and begin reading...
 13673 | Lair:3   | Reached skill level 13 in Fighting
 14001 | Lair:4   | Reached XP level 14. HP: 82/82 MP: 15/15
 14029 | Lair:4   | Reached skill level 11 in Stealth
 14174 | Lair:4   | Reached skill level 9 in Dodging
 14210 | Lair:4   | Reached skill level 12 in Stealth
 14302 | Lair:4   | You pick up a book of Fire and begin reading...
 14302 | Lair:4   | You add the spells Foxfire, Fireball, Plasma Beam and
                  | Starburst to your library.
 14678 | Lair:5   | Entered Level 5 of the Lair of Beasts
 14713 | Lair:5   | Reached skill level 13 in Stealth
 14804 | Lair:5   | Found a viscous altar of Jiyva.
 14804 | Lair:5   | Found a staircase to the Slime Pits.
 15095 | Lair:4   | You pick up a book of the Sky and begin reading...
 15095 | Lair:4   | You add the spells Summon Lightning Spire, Storm Form and
                  | Maxwell's Capacitive Coupling to your library.
 15165 | Lair:5   | You pick up a book of the Sky and begin reading...
 15207 | Lair:5   | Reached skill level 1 in Shields
 15209 | Lair:5   | Noticed retardedninja's ghost (journeyman GnFE)
 15262 | Lair:5   | Found a transporter.
 15267 | Lair:5   | Found a transporter.
 15281 | Lair:5   | Found a bloodstained altar of Trog.
 15377 | Lair:4   | Reached skill level 10 in Dodging
 15437 | Lair:4   | Reached skill level 2 in Shields
 15755 | Lair:5   | Found the +1 robe of Vines {NoPotionHeal Regen++++}
 15759 | Lair:5   | Identified the +4 trident of Woivunea {flame, *Noise rPois
                  | Int+6 SInv}
 15825 | Lair:5   | Reached ****** piety under Wu Jian
 15844 | Lair:5   | Identified the staff of cold "Erusad" {Fly rC+ rN+++ Str-5
                  | Dex-4}
 15868 | Lair:5   | Identified the ring of Dim Light {Wiz +Blink Fly}
 15904 | Lair:5   | Reached skill level 3 in Shields
 15912 | Lair:5   | HP: 19/82 [acid (2)]
 15914 | Lair:5   | HP: 7/82 [acid (4)]
 16031 | Lair:5   | Reached skill level 14 in Stealth
 16602 | D:11     | Noticed Amaemon
 16608 | D:11     | Killed Amaemon
 16992 | D:11     | Reached XP level 15. HP: 85/86 MP: 16/16
 17541 | D:12     | Reached skill level 4 in Shields
 17886 | D:12     | Found a hide-covered altar of Uskayaw.
 18293 | Orc:1    | Entered Level 1 of the Orcish Mines
 18345 | Orc:1    | Reached skill level 5 in Shields
 18680 | Orc:2    | Entered Level 2 of the Orcish Mines
 18680 | Orc:2    | Found a staircase to the Elven Halls.
 18682 | Orc:2    | Found Xacs's Magic Scroll Emporium.
 18713 | Orc:2    | Noticed Nessos
 18729 | Orc:2    | Nessos changed into Nessos the redback
 18729 | Orc:2    | Noticed Nessos
 18736 | Orc:2    | Killed Nessos the redback
 18856 | Orc:2    | Found Riof's Antique Armour Boutique.
 18935 | Orc:2    | Reached skill level 15 in Stealth
 18942 | Orc:2    | Found Gepago's Magic Scroll Boutique.
 18944 | Orc:2    | Found Dife's General Store.
 18992 | Orc:2    | Reached skill level 11 in Dodging
 19160 | Orc:2    | Reached skill level 6 in Shields
 19518 | Orc:2    | Reached skill level 16 in Stealth
 19674 | Orc:2    | Found Ysexypt's Distillery.
 19937 | Orc:2    | Found Emofisk's Antique Weapon Shoppe.
 19937 | Orc:2    | Found Wageul's Jewellery Emporium.
 19938 | Orc:2    | Found a one-way gate leading to the halls of Pandemonium.
 20110 | D:5      | Bought a scroll of acquirement for 624 gold pieces
 20211 | Orc:2    | Bought a pair of masterwork boots for 304 gold pieces
 20211 | Orc:2    | Identified the +0 pair of boots of the Realm of Zot {rElec}
                  | (You bought it in a shop on level 2 of the Orcish Mines)
 20218 | Orc:2    | Acquired the amulet of Nimot {RegenMP Fly rF+ rCorr Dex+4}
 20263 | Elf:1    | Entered Level 1 of the Elven Halls
 20275 | Elf:1    | Reached skill level 17 in Stealth
 20292 | Elf:1    | Reached skill level 1 in Spellcasting
 20296 | Elf:1    | Reached skill level 2 in Spellcasting
 20394 | Elf:1    | Reached skill level 3 in Spellcasting
 20626 | Elf:1    | Found an ancient bone altar of Kikubaaqudgha.
 20648 | Elf:1    | Reached skill level 4 in Spellcasting
 20794 | Elf:1    | HP: 32/129 [+3 hand axe of venom (4)]
 20796 | Elf:1    | Reached skill level 5 in Spellcasting
 20799 | Elf:1    | HP: 22/129 [poisoned by a +3 hand axe of venom]
 20800 | Elf:1    | Reached XP level 16. HP: 24/91 MP: 24/24
 20804 | Elf:1    | HP: 22/91 [poisoned by a +3 hand axe of venom]
 21304 | D:13     | Found a gate to the Vaults.
 21395 | D:13     | Reached skill level 6 in Spellcasting
 21628 | D:13     | Reached skill level 7 in Spellcasting
 21674 | D:13     | Reached skill level 8 in Spellcasting
 21961 | D:13     | Reached skill level 9 in Spellcasting
 22135 | D:14     | You pick up a book of the Earth and begin reading...
 22135 | D:14     | You add the spells Leda's Liquefaction and Statue Form to
                  | your library.
 22150 | D:13     | Learned a level 6 spell: Statue Form
 22273 | D:14     | Reached skill level 1 in Transmutations
 22273 | D:14     | Reached skill level 1 in Earth Magic
 22416 | D:14     | Found Kywkawa's Weapon Boutique.
 22543 | D:14     | Reached skill level 2 in Transmutations
 22543 | D:14     | Reached skill level 2 in Earth Magic
 23086 | D:14     | Noticed Rupert
 23091 | D:14     | Killed Rupert
 23092 | D:14     | Reached skill level 3 in Transmutations
 23092 | D:14     | Reached skill level 3 in Earth Magic
 23161 | D:15     | Entered Level 15 of the Dungeon
 23247 | D:14     | Reached skill level 10 in Spellcasting
 23303 | D:15     | Reached skill level 4 in Transmutations
 23303 | D:15     | Reached skill level 4 in Earth Magic
 23520 | D:15     | Found a staircase to the Depths.
 23642 | D:15     | Identified the +0 helmet "Orchobos" {Stlth+}
 23942 | Lair:2   | Found a staircase to the Swamp.
 23949 | Lair:2   | Reached skill level 5 in Transmutations
 23949 | Lair:2   | Reached skill level 5 in Earth Magic
 23959 | Swamp:1  | Entered Level 1 of the Swamp
 23978 | Swamp:1  | HP: 18/91 [eight-headed hydra (6)]
 23978 | Swamp:1  | HP: 6/91 [bunyip (12)]
 23978 | Swamp:1  | Mangled by a goliath frog

Vanquished Creatures
  Rupert (D:14)
  An orc warlord (Bailey)
  A fire dragon (D:12)
  An ettin (D:14)
  Fannar (D:11)
  Harold (D:11)
  A catoblepas (Lair:2)
  A rakshasa (D:14)
  An ice dragon (Lair:4)
  A boulder beetle (D:10)
  10 hydras
  6 two-headed ogres
  7 death yaks
  Erica (D:8)
  3 dancing weapons (Elf:1)
  2 death knights
  2 tengu warriors
  2 demonspawn (Orc:2)
  9 centaur warriors
  6 orc high priests (Orc:2)
  Amaemon (D:11)
  3 deep elf knights (Elf:1)
  11 skeletal warriors
  A skyshark (Lair:4)
  A deep troll (D:14)
  A goliath frog (Lair:5)
  2 bog bodies (Lair:2)
  2 phantasmal warriors
  A harpy (shapeshifter) (D:15)
  3 wizards
  Pikel (D:5)
  10 deep elf pyromancers
  5 orc knights (Orc:2)
  4 deep elf zephyrmancers
  A necromancer (D:15)
  A manticore (shapeshifter) (D:13)
  A wolf spider (D:15)
  9 ugly things
  7 orc sorcerers
  6 cyclopes
  3 manticores
  5 slime creatures
  2 black mambas (Lair:5)
  Joseph (D:7)
  An orange demon (D:11)
  2 gargoyles
  2 torpor snails (Lair:3)
  20 cane toads
  2 rime drakes
  A kobold demonologist (D:12)
  7 komodo dragons
  3 freezing wraiths (D:13)
  6 trolls
  A polar bear (Lair:2)
  3 meliai (D:14)
  A meliai (shapeshifter) (D:15)
  2 tyrant leeches (Lair:5)
  2 hellwings (Orc:2)
  Grinder (D:3)
  A hornet (shapeshifter) (D:14)
  5 dream sheep (Lair:4)
  26 blink frogs
  A jumping spider (Lair:2)
  4 shadows
  5 wraiths
  4 wyverns
  61 yaks
  4 basilisks
  A fire elemental (Elf:1)
  4 fire bats (Lair:2)
  2 vampires
  A chaos spawn (Orc:2)
  A yak (shapeshifter) (D:15)
  10 vampire mosquitoes
  2 steam dragons
  2 redbacks
  3 swamp worms
  7 wargs
  10 water moccasins
  2 hell hounds (Lair:2)
  2 acid dragons
  Duvessa (D:7)
  47 orc warriors
  8 ogres
  12 centaurs
  18 wolves
  2 lemures (D:5)
  A phantom (D:7)
  4 kobold brigands
  14 bullfrogs
  A gnoll sergeant (D:9)
  A scorpion (D:6)
  14 wights
  Dowan (D:7)
  9 howler monkeys
  4 electric eels
  13 jellies
  A gnoll bouda (D:8)
  28 orc priests
  2 hounds
  4 iguanas
  3 sleepcaps
  10 orc wizards
  14 gnolls
  11 adders
  5 white imps
  3 ufetubi
  A worm (D:2)
  4 dart slugs
  86 orcs
  5 ball pythons
  3 endoplasms
  2 giant cockroaches (D:1)
  29 goblins
  14 hobgoblins
  3 jackals
  33 kobolds
  7 quokkas
  6 bats
  3 frilled lizards
  4 rats
  A spectral hobgoblin (D:8)
784 creatures vanquished.

Vanquished Creatures (others)
  20 fungi (Lair:5)
  122 plants
142 creatures vanquished.

Grand Total: 926 creatures vanquished

Table legend:
 A = Non-vault XP
 B = Vault XP
 C = Vault XP percentage of total XP
 D = Non-vault monster count
 E = Vault monster count
 F = Vault count percentage of total count
                 A         B        C        D         E       F
            +---------+---------+-------+---------+---------+-------
      Total |  106809 |   61871 |  36.7 |     514 |     268 |  34.3
            +---------+---------+-------+---------+---------+-------
        D:1 |      39 |       2 |   4.9 |      20 |       1 |   4.8
        D:2 |      97 |       0 |   0.0 |      25 |       0 |   0.0
        D:3 |      84 |     272 |  76.4 |      13 |       1 |   7.1
        D:4 |     243 |       6 |   2.4 |      20 |       3 |  13.0
        D:5 |     335 |     629 |  65.2 |       7 |       1 |  12.5
        D:6 |     526 |       0 |   0.0 |      12 |       0 |   0.0
        D:7 |     986 |     680 |  40.8 |      24 |       3 |  11.1
        D:8 |     921 |    1490 |  61.8 |      24 |       7 |  22.6
        D:9 |    5371 |    2459 |  31.4 |      33 |       8 |  19.5
       D:10 |    3662 |       3 |   0.1 |      26 |       2 |   7.1
       D:11 |    4485 |    2953 |  39.7 |      10 |       4 |  28.6
       D:12 |    7208 |       0 |   0.0 |      18 |       0 |   0.0
       D:13 |    9467 |   10194 |  51.8 |      18 |      43 |  70.5
       D:14 |   13251 |    3579 |  21.3 |      28 |       3 |   9.7
       D:15 |    8297 |    2757 |  24.9 |      15 |       4 |  21.1
     Lair:1 |    5790 |     562 |   8.8 |      33 |       2 |   5.7
     Lair:2 |    7140 |    2312 |  24.5 |      25 |       8 |  24.2
     Lair:3 |    8406 |     418 |   4.7 |      34 |       1 |   2.9
     Lair:4 |    8748 |    3321 |  27.5 |      22 |      12 |  35.3
     Lair:5 |    6987 |    8859 |  55.9 |      22 |      45 |  67.2
    Swamp:1 |     314 |       0 |   0.0 |       2 |       0 |   0.0
      Orc:1 |    2330 |       0 |   0.0 |      28 |       0 |   0.0
      Orc:2 |    4507 |   15554 |  77.5 |      43 |      67 |  60.9
      Elf:1 |    7615 |    3065 |  28.7 |      12 |       5 |  29.4
     Bailey |       0 |    2756 | 100.0 |       0 |      48 | 100.0
            +---------+---------+-------+---------+---------+-------

Skill      XL: |  1  2  3  4  5  6  7  8  9 10 11 12 13 14 15 16 |
---------------+-------------------------------------------------+-----
Short Blades   | 2 3 4 6 7 8 9 11 | 11.0
Dodging        | 1 2 3 4 6 7 8 10 11 | 11.0
Fighting       | 2 3 4 5 8 11 12 13 | 13.0
Stealth        | 5 6 8 10 14 17 | 17.0
Throwing       | 2 4 6 |  6.0
Evocations     | 1 4 6 |  6.0
Shields        | 3 6 |  6.0
Spellcasting   | 5 10 | 10.0
Transmutations | 5 |  5.1
Earth Magic    | 5 |  5.1

Action                     |  1- 3 |  4- 6 |  7- 9 | 10-12 | 13-15 | 16-18 || total
---------------------------+-------+-------+-------+-------+-------+-------++-------
  Melee: Dagger            |    68 |   115 |    95 |       |       |       ||   278
         Bite              |    13 |    36 |    82 |   428 |  1498 |   555 ||  2612
         Punch             |     2 |     4 |     5 |    18 |    26 |       ||    55
         Rapier            |       |       |   149 |       |       |       ||   149
         Short sword       |       |       |       |  1077 |  3604 |  1258 ||  5939
  Throw: Dart              |       |     2 |       |     4 |       |       ||     6
         Boomerang         |       |       |       |       |     2 |       ||     2
 Invoke: Serpent's Lash    |       |       |       |     2 |     8 |       ||    10
         Heavenly Storm    |       |       |       |       |     1 |     2 ||     3
Ability: Lunge             |       |    13 |    35 |    44 |   109 |    41 ||   242
         Whirlwind         |       |       |    28 |   262 |  1121 |   367 ||  1778
         Wall Jump         |       |       |       |    12 |    20 |     7 ||    39
  Evoke: Wand              |       |       |       |       |     1 |       ||     1
    Use: Scroll            |       |    14 |    10 |     5 |    10 |     1 ||    40
         Potion            |       |       |       |     6 |     7 |       ||    13
   Stab: Sleeping          |    15 |     6 |    17 |     5 |    47 |    14 ||   104
         Distracted        |       |       |     4 |     2 |     8 |     2 ||    16
         Petrifying        |       |       |       |       |     1 |       ||     1
         Petrified         |       |       |       |       |     1 |       ||     1
 Armour: Robe              |     8 |    26 |    17 |       |    72 |    39 ||   162
         Leather armour    |       |       |    20 |    71 |   110 |       ||   201
  Dodge: Dodged            |    33 |    54 |   121 |   256 |   873 |   406 ||  1743
  Block: Buckler           |       |       |       |       |   205 |   166 ||   371

Illustrated notes

Table legend:
 A = Kills in this place as a percentage of kills in the entire game.
 B = Kills by you in this place as a percentage of kills by you in the entire game.
 C = Kills by friends in this place as a percentage of kills by friends in the entire game.
 D = Other kills in this place as a percentage of other kills in the entire game.
 E = Experience gained in this place as a percentage of experience gained in the entire game.
 F = Experience gained in this place divided by the number of levels of this place that you have seen.
                   A       B       C       D       E      F
               +-------+-------+-------+-------+-------+----------------------
         Total | 100.0 | 100.0 |   N/A |   N/A | 100.0 | 6747.2
       Dungeon |  47.7 |  47.7 |   N/A |   N/A |  47.4 | 5333.1
          Lair |  26.1 |  26.1 |   N/A |   N/A |  31.1 | 10508.6
         Swamp |   0.3 |   0.3 |   N/A |   N/A |   0.2 | 314.0
  Orcish Mines |  17.6 |  17.6 |   N/A |   N/A |  13.3 | 11195.5
   Elven Halls |   2.2 |   2.2 |   N/A |   N/A |   6.3 | 10680.0
        Bailey |   6.1 |   6.1 |   N/A |   N/A |   1.6 | 2756.0
               +-------+-------+-------+-------+-------+----------------------

Table legend: (Time is in decaauts)
 A = Elapsed time spent in this place.
 B = Non-inter-level travel time spent in this place.
 C = Inter-level travel time spent in this place.
 D = Time resting spent in this place.
 E = Time spent auto-exploring this place.
 F = Levels seen in this place.
 G = Mean time per level.
                   A        B        C        D        E       F      G
               +--------+--------+--------+--------+--------+-----+--------+
         Total |  23650 |  20603 |   3047 |    901 |  12737 |  25 |  946.0 |
       Dungeon |  15659 |  13253 |   2406 |    504 |   9022 |  15 | 1043.9 |
          Lair |   5161 |   4727 |    434 |    292 |   2734 |   5 | 1032.2 |
         Swamp |     18 |     18 |      0 |      0 |      0 |   1 |   18.0 |
  Orcish Mines |   1735 |   1611 |    124 |     31 |    787 |   2 |  867.5 |
   Elven Halls |    629 |    547 |     82 |     25 |    160 |   1 |  629.0 |
        Bailey |    445 |    445 |      0 |     48 |     34 |   1 |  445.0 |
               +--------+--------+--------+--------+--------+-----+--------+

Top non-repeatable levels by time:
     D:4: 1564 daAuts
     D:7: 1435 daAuts
   Orc:2: 1324 daAuts
     D:2: 1240 daAuts
  Lair:5: 1226 daAuts
    D:12: 1183 daAuts
     D:8: 1170 daAuts
     D:6: 1146 daAuts
  Lair:2: 1121 daAuts
    D:13: 1071 daAuts
     D:3: 1069 daAuts
    D:14: 1057 daAuts
  Lair:4: 1056 daAuts
  Lair:3: 959 daAuts
    D:11: 883 daAuts
